 Dungeon Crawl Stone Soup version 0.24.0-1-gfbc8707122 (console) character file.

Game seed: 175880505674374668, levelgen mode: deterministic

691 AlterAsc the Ruffian (level 7, 0/60 HPs)
             Began as a White Draconian Transmuter on Oct 27, 2019.
             Was an Initiate of Cheibriados.
             Killed from afar by an orc wizard (11 damage)
             ... with a magic dart
             ... on level 3 of the Dungeon.
             The game lasted 00:18:33 (3912 turns).

AlterAsc the Ruffian (White Draconian Transmuter)   Turns: 3912, Time: 00:18:34

Health: 0/60       AC:  7    Str: 14    XL:     7   Next: 36%
Magic:  10/13      EV: 13    Int: 21    God:    Cheibriados [......]
Gold:   290        SH:  0    Dex: 17    Spells: 8/14 levels left

rFire    . . .     SeeInvis .     - Unarmed
rCold    + + .     Gourm    .   (no shield)
rNeg     . . .     Faith    .   (armour unavailable)
rPois    .         Spirit   .   (helmet restricted)
rElec    .         Reflect  .   (no cloak)
rCorr    .         Harm     .   (no gloves)
MR       .....                  m - +0 pair of boots
Stlth    ++........             (no amulet)
HPRegen  0.20/turn              f - +5 ring of dexterity
MPRegen  0.13/turn              j - ring of protection from cold

@: brilliant, lethally poisoned (0 -> -1), flying, very slow
A: breathe frost, unfitting armour, cold resistance 1, cold-blooded, AC +6
a: Breathe Frost, Bend Time, Renounce Religion


You were on level 3 of the Dungeon.
You worshipped Cheibriados.
Cheibriados was noncommittal.
You were not hungry.

You visited 1 branch of the dungeon, and saw 4 of its levels.
You also visited: Sewer.

You collected 290 gold pieces.

Inventory:

Missiles
 a - 108 arrows
Armour
 m - a +0 pair of boots (worn)
Jewellery
 f - a +5 ring of dexterity (left hand)
 j - a ring of protection from cold (right hand)
 r - an uncursed ring of see invisible {unknown}
Scrolls
 b - 9 scrolls of identify {unknown}
 h - 4 scrolls of remove curse {unknown}
 i - 2 scrolls of immolation {unknown}
 k - 2 scrolls of blinking {unknown}
 l - a scroll of fear {unknown}
 q - a scroll of amnesia {unknown}
 s - a scroll of enchant armour {unknown}
Potions
 d - a potion of curing {unknown}
 e - 2 potions of brilliance
 g - 2 potions of heal wounds {unknown}
 n - 2 potions of flight
 p - a potion of might {unknown}
Comestibles
 c - 8 rations


   Skills:
 + Level 4.4 Fighting
 - Level 2.0 Dodging
 + Level 5.0 Unarmed Combat
 + Level 4.0 Spellcasting
 + Level 4.4 Transmutations


You had 8 spell levels left.
You knew the following spells:

 Your Spells              Type           Power        Failure   Level  Hunger
a - Beastly Appendage     Tmut           #####.       1%          1    None
b - Sticks to Snakes      Tmut           #####...     1%          2    #......
c - Spider Form           Tmut/Pois      ####......   1%          3    ###....

Your spell library contained the following spells:

 Spells                   Type           Power        Failure   Level  Hunger
 Ice Form                 Ice/Tmut       ####....     5%          4    ####...
 Blade Hands              Tmut           #####.....   6%          5    ######.


Dungeon Overview and Level Annotations

Branches:
Dungeon (4/15)             Temple (0/1) D:4           Sewer (visited)

Altars:
Cheibriados


Innate Abilities, Weirdness & Mutations

You can breathe waves of freezing cold.
You can buffet flying creatures when you breathe cold.
Your icy white scales are hard. (AC +6)
You cannot fit into any form of body armour.
Your flesh is cold resistant. (rC+)
You are cold-blooded and may be slowed by cold attacks.


Message History

There is a stone staircase leading up here.
Something hits you but does no damage. The orc hits you but does no damage.
You fly upwards.
Reactivating autopickup.
You feel sick.
There is a stone staircase leading down here.
You hit the orc but do no damage.
The orc is severely wounded.
Something hits you but does no damage.
Deactivating autopickup; reactivate with Ctrl-A.
You barely miss the orc.
The orc is severely wounded.
The orc closely misses you. Something hits you but does no damage.
You hit the orc.
You kill the orc!
Cheibriados thoroughly appreciates the change of pace.
You hear some strange, mumbled words.
A magic dart appears from out of thin air!
The magic dart hits you!
You die...

##################
#.............)...
#.##.####......... #.##.#
#.........) #.##.# #.#########
#)##.# #.# # #@##.# #.# #
#.##.###.# # ####.##.##..####
# #..............# #
##########....##.#..###.# #
#.........(.)###.#..###.######
#.#########..###.#..##........
#.# #..##.....##..###.#.
####.# #..##..##.##..##....


There were no monsters in sight!

Vanquished Creatures
  A black bear (D:4)
  An ice beast (D:4)
  A bullfrog (Sewer)
  2 scorpions (D:4)
  A bullfrog skeleton (D:4)
  A worker ant (D:4)
  10 adders
  7 oozes
  3 worms (D:4)
  3 dart slugs (D:2)
  18 leopard geckos
  6 orcs (D:3)
  12 ball pythons
  9 bats
  7 giant cockroaches
  5 hobgoblins
  17 jackals
  2 quokkas
  6 frilled lizards
  8 goblins
  11 kobolds
  6 rats
137 creatures vanquished.

Vanquished Creatures (collateral kills)
  2 adders (Sewer)
  4 oozes (Sewer)
  2 leopard geckos (Sewer)
  3 ball pythons (Sewer)
  A giant cockroach (Sewer)
  4 frilled lizards (Sewer)
16 creatures vanquished.

Vanquished Creatures (others)
  A plant (D:1)
1 creature vanquished.

Grand Total: 154 creatures vanquished

Notes
Turn   | Place    | Note
-------+----------+-------------------------------------------
     0 | D:1      | AlterAsc the Draconian Transmuter began the quest for the
                  | Orb.
     0 | D:1      | Reached XP level 1. HP: 16/16 MP: 3/3
   191 | D:1      | Reached XP level 2. HP: 16/23 MP: 3/5
   564 | D:1      | Reached XP level 3. HP: 26/29 MP: 4/6
  1181 | D:2      | Reached XP level 4. HP: 23/36 MP: 5/7
  1198 | D:2      | Learned a level 2 spell: Sticks to Snakes
  1202 | D:2      | Learned a level 3 spell: Spider Form
  1695 | D:3      | Found a glowing drain.
  1719 | Sewer    | Entered a sewer
  2015 | Sewer    | Reached XP level 5. HP: 40/42 MP: 6/9
  2263 | Sewer    | Reached skill level 4 in Unarmed Combat
  2436 | Sewer    | Reached XP level 6. HP: 15/51 MP: 5/10
  3185 | D:3      | Found a snail-covered altar of Cheibriados.
  3189 | D:3      | Became a worshipper of Cheibriados the Contemplative
  3624 | D:4      | Found a staircase to the Ecumenical Temple.
  3714 | D:4      | Noticed an ice beast
  3730 | D:4      | Killed an ice beast
  3730 | D:4      | Your scales start taking on an icy white colour.
  3730 | D:4      | Reached XP level 7. HP: 52/59 MP: 6/12
  3730 | D:4      | Gained mutation: Your flesh is cold resistant. (rC+) [White
                  | Draconian growth]
  3889 | D:4      | Reached skill level 5 in Unarmed Combat
  3912 | D:3      | Killed from afar by an orc wizard

Levels and vault maps discovered:
D:1:      shiori_arrival_elements, layout_rooms, minmay_misc_feat_doors,
          lexackson_kobold_supper
D:2:      layout_basic
D:3:      layout_loops_ring, marbit_many_paths, first_ration,
          portal_sewer_entry_d
D:4:      layout_cave_pods, minmay_temple_entry_overgrown, minmay_joined_circles

Skill      XL: |  1  2  3  4  5  6  7 |
---------------+----------------------+-----
Dodging        | 2 |  2.0
Fighting       | 2 3 4 |  4.4
Transmutations | 3 4 |  4.4
Unarmed Combat | 4 5 |  5.0
Spellcasting   | 3 4 |  4.0

Action                   |  1- 3 |  4- 6 |  7- 9 || total
-------------------------+-------+-------+-------++-------
Melee: Unarmed           |   171 |   308 |    25 ||   504
       Tailslap          |    22 |    31 |     1 ||    54
       Headbutt          |     7 |    16 |     3 ||    26
       Punch             |     3 |     3 |       ||     6
       Kick              |     6 |       |       ||     6
 Cast: Beastly Appendage |    18 |    17 |     1 ||    36
       Sticks to Snakes  |       |    17 |       ||    17
       Spider Form       |       |     2 |     1 ||     3
 Abil: End Transformatio |       |     1 |       ||     1
  Use: Potion            |       |       |     2 ||     2
 Stab: Sleeping          |     1 |     1 |       ||     2
       Distracted        |       |     1 |       ||     1
  Eat: Chunk             |     1 |    11 |     1 ||    13
Armor: Skin              |    50 |   104 |    12 ||   166
Dodge: Dodged            |   114 |   242 |    31 ||   387
